 Dungeon Crawl Stone Soup version 0.14.0-12-g87ee3b7 (webtiles) character file.

410 Egon the Shield-Bearer (level 5, -6/47 HPs)
             Began as a Minotaur Fighter on Apr 15, 2014.
             Killed from afar by an orc wizard (12 damage)
             ... with a puff of flame
             ... on Level 4 of the Dungeon.
             The game lasted 00:07:49 (2599 turns).

Egon the Shield-Bearer (Minotaur Fighter)           Turns: 2599, Time: 00:07:50

HP  -6/47        AC  7     Str 21      XL: 5   Next: 77%
MP   2/2         EV  7     Int  5      God:
Gold 174         SH 22     Dex 14      Spells:  0 memorised,  4 levels left

rFire  . . .     SeeInvis .     a - +1 long sword
rCold  . . .     Clarity  .     b - +0 scale mail
rNeg   . . .     Conserve .     c - +1 shield
rPois  .         rCorr    .     (helmet restricted)
rElec  .         rRot     .     (no cloak)
SustAb . .       Spirit   .     (no gloves)
rMut   .         Warding  .     (no boots)
Gourm  +         Stasis   .     i - amulet of the gourmand
MR     .....                    (no ring)
                                m - +4 ring of dexterity

@: not resistant to hostile enchantments, extremely unstealthy
A: retaliatory headbutt, horns 2
a: no special abilities


You were on level 4 of the Dungeon.
You were very full.

You visited 1 branch of the dungeon, and saw 4 of its levels.

You collected 174 gold pieces.

Inventory:

Hand weapons
 a - a +1,+1 long sword (weapon)
Armour
 b - a +0 scale mail (worn)
 c - a +1 shield (worn)
Comestibles
 d - 4 bread rations
 n - an apple
 o - a lemon
 s - a meat ration
Scrolls
 g - a scroll of noise {unknown}
 j - 2 scrolls of identify
 k - a scroll of remove curse
Jewellery
 i - an amulet of the gourmand (around neck)
 m - a +4 ring of dexterity (left hand)
Potions
 e - 2 potions of might
 h - 3 potions of curing


   Skills:
 + Level 4.7 Fighting
 + Level 4.3 Long Blades
 + Level 5.0 Armour
 + Level 5.1 Shields


You had 4 spell levels left.
You didn't know any spells.

Dungeon Overview and Level Annotations

Branches:
Dungeon (4/15)
 Temple: D:4-7

Altars:


Innate Abilities, Weirdness & Mutations

You reflexively headbutt those who attack you in melee.
You have a pair of horns on your head.


Message History

You furiously retaliate!
You headbutt the orc, but do no damage. You block the orc's attack.
You miss something.
You hear some strange, mumbled words.
The puff of flame hits you!
* * * LOW HITPOINT WARNING * * *
You block the orc's attack. The orc hits you with a hand axe.
* * * LOW HITPOINT WARNING * * *
You hear some strange, mumbled words.
You block the puff of flame.
Read which item? (? for menu, Esc to quit)
As you read the scroll labeled BIEHIX GRIUZXO, it crumbles to dust.
It is a scroll of enchant weapon I.
Enchant which weapon? (? for menu, Esc to quit)
Your +0,+1 long sword glows green for a moment.
The orc hits you with a mace.
* * * LOW HITPOINT WARNING * * *
You hear some strange, mumbled words.
The puff of flame hits you!
You die...

P# #.......... ≈# #.......... P#
#......)...
P######################..........
.................................
≈..............(.................
P......P≈........................
......≈≈≈PP.....(................
......♣♣.P......@o...............
...............){o...............
.................................
.................................
...........(...............%.....
%...)............>.........%<....
................)................
#################################


You could see 2 orcs.

Vanquished Creatures
  A scorpion (D:4)
  2 worker ants (D:4)
  An iguana (D:4)
  An adder (D:3)
  A giant mite (D:2)
  A worm (D:3)
  An adder skeleton (D:4)
  An ooze (D:2)
  6 orcs
  5 bats (D:1)
  3 giant cockroaches
  6 hobgoblins
  14 jackals
  2 giant geckos (D:1)
  3 giant newts (D:1)
  10 goblins
  10 kobolds
  18 rats
86 creatures vanquished.

Notes
Turn   | Place    | Note
--------------------------------------------------------------
     0 | D:1      | Egon, the Minotaur Fighter, began the quest for the Orb.
     0 | D:1      | Reached XP level 1. HP: 19/19 MP: 1/1
   115 | D:1      | Reached XP level 2. HP: 17/27 MP: 1/1
   229 | D:1      | Reached skill level 4 in Shields
   436 | D:1      | Reached XP level 3. HP: 33/33 MP: 2/2
  1626 | D:3      | Reached XP level 4. HP: 40/40 MP: 2/2
  2322 | D:4      | Reached XP level 5. HP: 45/47 MP: 2/2
  2495 | D:4      | Reached skill level 5 in Armour
  2495 | D:4      | Reached skill level 5 in Shields
  2599 | D:4      | Killed from afar by an orc wizard

Action                   |  1- 3 |  4- 6 || total
-------------------------+-------+-------++-------
Melee: Long sword        |   127 |    72 ||   199
  Use: Scroll            |       |    10 ||    10
       Potion            |       |     1 ||     1
